 Dungeon Crawl Stone Soup version 0.31-a0-1424-g2add1c7226 (webtiles) character file.

Game seed: 11335352446050300020

1346823 jestert79 the Acrobat (level 27, 167/167 HPs)
             Began as a Kobold Earth Elementalist on Dec 23, 2023.
             Was the Champion of Hepliaklqana.
             Escaped with the Orb
             ... and 3 runes on Dec 26, 2023!
             The game lasted 11:13:33 (112929 turns).

jestert79 the Acrobat (Kobold Earth Elementalist) Turns: 112929, Time: 11:13:34

Health: 167/167    AC: 27    Str:  6    XL:     27
Magic:  45/45      EV: 32    Int: 34    God:    Hepliaklqana [******]
Gold:   3551       SH:  5    Dex: 22    Spells: 2/62 levels left

rFire   + . .        a - staff of Nafil {+Blink rF+ rC+ Fire}
rCold   + . .        (shield currently unavailable)
rNeg    + . .        B - +4 faerie dragon scales {rN+ rCorr Dex+2 Stlth-}
rPois   +            v - +2 helmet
rElec   +            w - +2 cloak {rPois}
rCorr   +            N - +2 pair of gloves "Lud Goarph" {rElec}
SInv    .            n - +2 pair of boots "Pyirum" {Dex+3}
Will    ++...        I - amulet of reflection
Stlth   ++           R - ring of wizardry
HPRegen 0.47/turn    C - +6 ring of intelligence
MPRegen 0.29/turn

%: reflection, wizardry (x1)
@: studying 5 skills
A: reduced essence, small, no large weapons, nightstalker 3
0: Orb of Zot
}: 3/15 runes: barnacled, silver, gossamer
a: Renounce Religion, Evoke Blink, Recall Ancestor, Ancestor Identity,
Transference, Idealise


You escaped.
You worshipped Hepliaklqana.
Hepliaklqana was exalted by your worship.
You visited 11 branches of the dungeon, and saw 51 of its levels.
You also visited: Sewer, Gauntlet, Ice Cave and Wizlab.

You collected 6897 gold pieces.
You spent 3346 gold pieces at shops.

Inventory:

Hand Weapons
 b - the +6 dagger of Qemiwn {venom, rN++ Stlth+}
   (You found it on level 1 of the Depths)

   rN++:      It greatly protects you from negative energy.
   Stlth+:    It makes you more stealthy.
Missiles
 q - 11 throwing nets
Armour
 m - a +2 cloak of willpower
 n - the +2 pair of boots "Pyirum" (worn) {Dex+3}
   (You acquired it in a sewer)

   Dex+3:     It affects your dexterity (+3).
 v - a +2 helmet (worn)
 w - a +2 cloak of poison resistance (worn)
 B - the +4 faerie dragon scales (worn) {rN+ rCorr Dex+2 Stlth-}
   (You took it off the Enchantress on level 3 of the Depths)

   Dex+2:     It affects your dexterity (+2).
   rN+:       It protects you from negative energy.
   rCorr:     It protects you from acid and corrosion.
   Stlth-:    It makes you less stealthy.
 N - the +2 pair of gloves "Lud Goarph" (worn) {rElec}
   (You found it in a Gauntlet)

   rElec:     It insulates you from electricity.
Magical Staves
 a - the staff of Nafil (weapon) {+Blink rF+ rC+ Fire}
   (You found it on level 1 of the Depths)

   [staff of fire]

   Base accuracy: +5 Base damage: 5 Base attack delay: 1.2 This weapon's minimum
   attack delay (0.6) is reached at skill level 12.
   rF+:       It protects you from fire.
   rC+:       It protects you from cold.
   +Blink:    It lets you blink.
   Fire:      It increases the power of your Fire spells.
   It falls into the 'Staves' category.
   It is a two-handed weapon.
Jewellery
 i - a ring of protection from fire
 u - a ring of see invisible
 y - a ring of flight
 z - a ring of magical power
 C - a +6 ring of intelligence (right hand)
 I - an amulet of reflection (around neck)
 K - a ring of ice
 R - a ring of wizardry (left hand)
 S - a ring of resist corrosion
 Z - the ring of the Hare {EV+10}
   (You took it off a deep elf blademaster on level 3 of the Elven Halls)

   [ring of evasion]

   EV+10:     It affects your evasion (+10).
Wands
 j - a wand of iceblast (75)
 k - a wand of quicksilver (21)
 G - a wand of charming (3)
 Y - a wand of digging (22)
Scrolls
 f - 16 scrolls of fog
 h - 5 scrolls of vulnerability
 l - 4 scrolls of immolation
 o - 14 scrolls of teleportation
 s - 6 scrolls of blinking
 A - a scroll of revelation
 E - a scroll of silence
 L - 3 scrolls of enchant armour
 Q - 7 scrolls of amnesia
 T - 4 scrolls of fear
 W - 4 scrolls of summoning
 X - 6 scrolls of poison
Potions
 c - 11 potions of lignification
 d - 19 potions of curing
 e - 7 potions of enlightenment
 p - 7 potions of cancellation
 r - 9 potions of ambrosia
 t - 10 potions of mutation
 D - 3 potions of resistance
 F - 17 potions of heal wounds
 J - 6 potions of haste
 M - 9 potions of brilliance
 O - 5 potions of might
 V - 2 potions of magic
Miscellaneous
 g - a phial of floods
 x - a condenser vane
 H - a lightning rod (4/4)
 P - a sack of spiders
 U - a phantom mirror


   Skills:
 + Level 22.5 Fighting
 - Level 5.0 Short Blades
 - Level 2.6 Staves
 + Level 11.9 Armour
 + Level 24.3 Dodging
 - Level 9.0 Stealth
 - Level 18.0 Spellcasting
 + Level 15.0 Conjurations
 - Level 6.0 Hexes
 - Level 6.4 Translocations
 - Level 6.1 Fire Magic
 - Level 23.0 Earth Magic
 + Level 9.9 Alchemy
 + Level 15.9 Invocations
 + Level 10.4 Evocations


You had 2 spell levels left.
You knew the following spells:

 Your Spells              Type           Power      Damage    Failure   Level
a - Sandblast             Erth           100%       2d20      0%          1
b - Passwall              Alch/Erth      80%        N/A       0%          2
c - Stone Arrow           Conj/Erth      100%       3d13      0%          3
d - Bombard               Conj/Erth      51%        9d9       1%          6
e - Flame Wave            Conj/Fire      100%       2d21      1%          4
f - Petrify               Alch/Erth      97%        N/A       0%          4
g - Irradiate             Conj/Alch      43%        3d26      1%          5
h - Yara's Violent Unrav  Hex/Alch       35%        3d14      1%          5
i - Apportation           Tloc           100%       N/A       1%          1
j - Orb of Destruction    Conj           46%        9d12      1%          7
k - Shatter               Erth           56%        3d42*     6%          9
l - Lee's Rapid Deconstr  Erth           56%        3d26*     0%          5
m - Blink                 Tloc           100%       N/A       1%          2
n - Dispersal             Tloc           32%        N/A       9%          6

Your spell library contained the following spells:

 Spells                   Type           Power      Damage    Failure   Level
 Magic Dart               Conj           100%       1d8       0%          1
 Sting                    Conj/Alch      100%       1d9       0%          1
 Searing Ray              Conj           100%       2d8       0%          2
 Necrotise                Necr           100%       1d9       1%          1
 Shock                    Conj/Air       100%       1d9       1%          1
 Summon Small Mammal      Summ           100%       N/A       1%          1
 Cigotuvi's Dreadful Rot  Necr/Alch/Air  100%       N/A       1%          2
 Ensorcelled Hibernation  Hex/Ice        100%       N/A       1%          2
 Jinxbite                 Hex            100%       N/A       1%          2
 Lesser Beckoning         Tloc           100%       N/A       1%          2
 Mercury Vapours          Alch/Air       100%       N/A       1%          2
 Momentum Strike          Conj/Tloc      100%       3d10      1%          2
 Static Discharge         Conj/Air       100%       3-8/arc   1%          2
 Brom's Barrelling Bould  Conj/Erth      100%       2d11      0%          4
 Leda's Liquefaction      Alch/Erth      48%        N/A       0%          4
 Gell's Gravitas          Tloc           65%        N/A       1%          3
 Hailstorm                Conj/Ice       69%        3d12      1%          3
 Inner Flame              Hex/Fire       82%        N/A       1%          3
 Sigil of Binding         Hex            64%        N/A       1%          3
 Summon Guardian Golem    Hex/Summ       50%        N/A       1%          3
 Teleport Other           Tloc           65%        N/A       1%          3
 Tukima's Dance           Hex            64%        N/A       1%          3
 Volatile Blastmotes      Fire/Tloc      100%       2d18      1%          3
 Animate Armour           Summ/Erth      100%       N/A       1%          4
 Cause Fear               Hex            32%        N/A       1%          4
 Dimensional Bullseye     Hex/Tloc       32%        N/A       1%          4
 Fulminant Prism          Conj/Alch      43%        3d19      1%          4
 Iskenderun's Mystic Bla  Conj/Tloc      81%        2d16      1%          4
 Manifold Assault         Tloc           65%        N/A       1%          4
 Olgreb's Toxic Radiance  Alch           78%        N/A       1%          4
 Passage of Golubria      Tloc           65%        N/A       1%          4
 Sticky Flame             Fire/Alch      91%        2d14      1%          4
 Alistair's Intoxication  Alch           52%        N/A       1%          5
 Arcjolt                  Conj/Air       34%        1d44      1%          5
 Borgnjor's Vile Clutch   Necr/Erth      41%        N/A       1%          5
 Fireball                 Conj/Fire      50%        3d20      1%          5
 Iskenderun's Battlesphe  Conj           93%        2d14      1%          5
 Starburst                Conj/Fire      50%        6d14      1%          6
 Call Canine Familiar     Summ           30%        N/A       2%          3
 Fugue of the Fallen      Necr           30%        N/A       2%          3
 Ozocubu's Armour         Ice            30%        N/A       2%          3
 Swiftness                Air            30%        N/A       2%          3
 Anguish                  Hex/Necr       25%        N/A       2%          4
 Vhi's Electric Charge    Tloc/Air       100%       N/A       2%          4
 Summon Forest            Summ/Tloc      25%        N/A       6%          5
 Summon Mana Viper        Hex/Summ       50%        N/A       6%          5
 Conjure Ball Lightning   Conj/Air       34%        3x3d11    6%          6
 Airstrike                Air            15%        2d(3-19)  8%          4
 Animate Dead             Necr           30%        N/A       8%          4
 Dispel Undead            Necr           30%        3d14      8%          4
 Summon Ice Beast         Ice/Summ       30%        N/A       8%          4
 Summon Lightning Spire   Summ/Air       30%        N/A       8%          4
 Spellforged Servitor     Conj/Summ      34%        N/A       28%         7
 Plasma Beam              Fire/Air       33%        2x1d46    32%         6
 Enfeeble                 Hex            32%        N/A       45%         7
 Death Channel            Necr           15%        N/A       71%         6
 Simulacrum               Ice/Necr       15%        N/A       71%         6
 Summon Cactus Giant      Summ           15%        N/A       71%         6
 Malign Gateway           Summ/Tloc      25%        N/A       85%         7
 Disjunction              Tloc           32%        N/A       97%         8
 Discord                  Hex            32%        N/A       98%         8
 Ignition                 Fire           41%        3d12      98%         8
 Haunt                    Necr/Summ      15%        N/A       99%         7
 Ozocubu's Refrigeration  Ice            15%        4d10      99%         7
 Infestation              Necr           15%        N/A       100%        8
 Maxwell's Capacitive Co  Air            15%        ∞         100%        8
 Summon Horrible Things   Summ           15%        N/A       100%        8
 Chain Lightning          Conj/Air       34%        3d46      100%        9
 Death's Door             Necr           15%        N/A       100%        9
 Dragon's Call            Summ           15%        N/A       100%        9
 Fire Storm               Conj/Fire      50%        8d13      100%        9


Dungeon Overview and Level Annotations

Branches:
Dungeon (15/15)            Temple (1/1) D:6            Lair (5/5) D:8
 Shoals (4/4) Lair:3       Spider (4/4) Lair:2        Slime (0/5) Lair:4
    Orc (2/2) D:11            Elf (3/3) Orc:2        Vaults (5/5) D:13
  Crypt (3/3) Vaults:2       Tomb (0/3) Crypt:3      Depths (4/4) D:15
    Zot (5/5) Depths:4      Sewer (visited)           IceCv (visited)
 WizLab (visited)         Gauntlet (visited)

Altars:
Ashenzari
Cheibriados
Dithmenos
Elyvilon
Fedhas
Gozag
Hepliaklqana
Kikubaaqudgha
Makhleb
Nemelex Xobeh
Okawaru
Qazlal
Ru
Sif Muna
Trog
Uskayaw
Vehumet
Wu Jian
Xom
Yredelemnul
Zin
The Shining One
Jiyva

Shops:
D:3 (   D:10 *   D:15 =   Orc:1 =   Orc:2 (([:   Elf:2 :   Elf:3 ([[:
Shoals:3 :   Depths:3 [

Portals:
Hell: Depths:1 Depths:2 Depths:3 Depths:4
Abyss: Depths:3
Pandemonium: Depths:2
Ziggurat: Depths:1
Trove: Vaults:1 (give 6 potions of haste)

Annotations:
D:2 1 runed translucent door, Crazy Yiuf
D:3 Grinder
D:8 1 runed translucent door, gelatine's ghost, novice DsFi
Lair:3 3 runed translucent doors
Lair:5 exclusion: 3 oklob plants
Shoals:2 3 runed translucent doors
Elf:2 3 runed translucent doors
Vaults:3 2 transporters
Depths:1 exclusions: 4 angels and 1 more exclusion
Depths:2 2 runed translucent doors
Zot:3 2 transporters


Innate Abilities, Weirdness & Mutations

Your life essence is reduced to manifest your ancestor. (-10% HP)
You are small and have problems with some larger weapons.
You are completely attuned to the shadows.


Message History

Verminaard hits the hell beast with a +0 broad axe of speed!
The hell beast bites you but does no damage.
The hell beast completely misses you.
You hit the hell beast.
The hell beast is almost dead.
You block the hell beast's attack. The hell beast barely misses you.
Verminaard hits the hell beast with a +0 broad axe of speed!!
The hell beast dies!
Unknown command.
There is a stone staircase leading up here.
You climb upwards.
A goblin comes into view. It is wielding a +0 club.
There is a stone staircase leading down here.
A goblin is nearby!
You swap places.
The goblin throws a stone.
The stone misses you. The goblin completely misses you.
You hit the goblin but do no damage. You burn the goblin.
The goblin is heavily wounded.
Verminaard hits the goblin with a +0 broad axe of speed!!
The goblin dies!
Your magical contamination has completely faded away.
Things that are here:
a +0 club; 3 stones
There is an escape hatch in the ceiling here.
A mysterious force pulls you upwards. The hatch slams shut behind you.
Level annotation: Grinder Magic restored.
You see here 2 stones.
An Orb Guardian comes into view.
There is a stone staircase leading up here.
The Orb Guardian misses you.
You climb upwards.
Level annotation: 1 runed translucent door, Crazy Yiuf
There is a stone staircase leading down here.
There is a stone staircase leading up here.
You climb upwards.
There is a stone staircase leading down here.
You see here a +0 leather armour.
There is a staircase leading out of the dungeon here.
You have escaped!

#.##..##.#....#.##...###....###
#.###..#.#......##...#⌠#..#.##.
#.# #...........##.#.###.#.....
#.# ##[...#.#...##.#.....#.....
#.# ##.......8..#.###...#.....
###.# #............###..####..#
..#.######......................#
.........%......8........###...##
..#.######.....R@........# #....#
.......###...8.....8.#.#####..#.#
###.##........§≈≈≈.....#......#.#
#..........##≈§≈≈≈##.##.###.##.#
#..........##≈≈≈≈≈####..###.##.#
#........[.##≈§>≈≈##........##.#
##........#.#########..#####.##.#
..........###########............
##...................####........


You could see the friendly Verminaard the knight (reflecting).

Vanquished Creatures
  5 dread liches
  An ancient lich (Crypt:3)
  2 orbs of fire
  Mara (Elf:3)
  Vv (Depths:3)
  2 Killer Klowns (Zot:5)
  Bai Suzhen (Depths:1)
  Boris (Depths:4)
  Parghit (Depths:3)
  5 curse toes
  5 golden dragons
  A bone dragon (Depths:4)
  the Enchantress (Depths:3)
  Nikola (Vaults:2)
  An electric golem (Zot:5)
  A doom hound (Depths:4)
  Rupert (Lair:3)
  10 tentacled monstrosities
  A lich (Crypt:3)
  3 titans
  Asterion (Vaults:2)
  Grunn (Depths:4)
  6 Orb Guardians (Zot:5)
  5 quicksilver dragons
  3 tentacled starspawn (WizLab)
  4 sphinxes
  A deep elf blademaster (Elf:3)
  3 death cobs
  5 ancient champions
  A thorn hunter (Depths:3)
  5 shadow dragons
  7 draconian monks
  3 tengu reavers
  Donald (Vaults:3)
  2 revenants
  3 protean progenitors
  9 frost giants
  A draconian shifter (Zot:3)
  3 draconian knights
  2 war gargoyles (Vaults:5)
  5 deep elf sorcerers
  8 fire giants
  4 emperor scorpions (Spider:4)
  2 draconian scorchers (Zot:3)
  13 vault wardens
  A curse skull (Crypt:3)
  2 deep elf elementalists
  2 orc warlords
  4 ghost moths
  A caustic shrike skeleton (Crypt:3)
  A reaper (Crypt:3)
  4 draconian stormcallers
  2 cacodemons
  4 ghouls
  A demonspawn blood saint (D:7)
  11 very ugly things
  15 stone giants
  3 spriggan defenders (Depths:3)
  A juggernaut skeleton (Crypt:3)
  7 ironbound preservers
  2 draconian annihilators
  5 ironbound thunderhulks
  2 vampire knights
  8 deep elf demonologists
  A black draconian (WizLab)
  6 deep elf death magi
  A minotaur (Shoals:4)
  3 yellow draconians
  2 deep elf annihilators
  9 dire elephants
  9 green draconians
  A white draconian (Zot:4)
  5 purple draconians
  3 spark wasps
  2 red draconians
  11 ettins
  An eidolon (Crypt:3)
  2 blizzard demons
  Snorg (D:12)
  Josephine (Lair:4)
  5 deep elf high priests
  A merfolk impaler (Shoals:1)
  A merfolk javelineer (Shoals:4)
  2 great orbs of eyes
  15 yaktaur captains
  6 entropy weavers
  24 vault guards
  Fannar (Lair:2)
  An ogre mage (Vaults:5)
  6 rakshasas
  6 hydras
  9 spriggan air magi
  4 radroaches
  4 alligator snapping turtles
  3 ice dragons
  5 ironbound frosthearts
  7 centaur warriors
  2 merfolk avatars
  10 boulder beetles
  2 merfolk aquamancers
  5 tengu warriors
  A two-headed ogre (shapeshifter) (Vaults:5)
  An Orb Guardian skeleton (Crypt:3)
  5 two-headed ogres
  8 dancing weapons
  3 deep troll shamans
  8 satyrs
  4 demonic crawlers
  3 occultists
  3 vampire magi
  3 thrashing horrors
  Urug (Lair:4)
  3 spriggan berserkers
  An emperor scorpion zombie (Crypt:2)
  5 hell knights
  10 deep elf knights
  2 goliath frogs (Lair:5)
  3 iron trolls
  A shadow wraith (WizLab)
  A sixfirhy (Depths:1)
  7 pharaoh ants
  6 skeletal warriors
  A skyshark (shapeshifter) (Vaults:5)
  3 flayed ghosts
  5 sea snakes
  A spark wasp zombie (Crypt:1)
  An anaconda zombie (Crypt:2)
  3 skysharks
  A bunyip skeleton (Crypt:3)
  27 deep trolls
  11 orb spiders
  2 glowing orange brains
  2 bog bodies
  2 obsidian statues (WizLab)
  21 deep elf pyromancers
  14 deep elf zephyrmancers
  6 arcanists
  4 lindwurms
  10 deep elf archers
  18 ironbound convokers
  4 necromancers
  13 harpies
  13 wolf spiders
  2 steelbarb worms
  A harpy (shapeshifter) (D:14)
  5 orc knights
  A phantasmal warrior (Crypt:2)
  32 ugly things
  2 orc sorcerers
  An oklob plant (Lair:5)
  3 cyclopes
  15 fauns
  A faun (shapeshifter) (Vaults:5)
  A worldbinder (WizLab)
  10 manticores
  19 moths of wrath
  8 merfolk sirens
  6 elephants
  An ice statue (IceCv)
  24 slime creatures
  A water nymph (shapeshifter) (Vaults:5)
  11 vault sentinels
  6 black mambas
  3 kobold blastminers
  3 water nymphs (Shoals:4)
  A gargoyle (D:11)
  A smoke demon (Depths:2)
  An apocalypse crab (WizLab)
  A large abomination (WizLab)
  3 torpor snails
  4 freezing wraiths
  20 cane toads
  3 kobold demonologists
  An unseen horror (WizLab)
  11 komodo dragons
  15 yaktaurs
  A rime drake (Lair:1)
  4 tengu conjurers
  A queen bee (shapeshifter) (WizLab)
  A red devil (Gauntlet)
  A polar bear (shapeshifter) (Elf:2)
  A tyrant leech (Lair:5)
  A meliai (Spider:1)
  19 merfolk
  13 hornets
  3 trolls
  23 tarantellas
  5 wind drakes
  33 blink frogs
  2 snapping turtles
  An air elemental (WizLab)
  20 jumping spiders
  Sigmund (D:3)
  11 dream sheep
  19 culicivoras
  36 yaks
  2 fire elementals
  4 water elementals
  A centaur simulacrum (D:14)
  8 basilisks
  8 wraiths
  A redback (shapeshifter) (Elf:2)
  3 wargs (Orc:2)
  5 wyverns
  29 redbacks
  Menkaure (D:6)
  7 vampire mosquitoes
  Edmund (D:4)
  An acid dragon (D:10)
  A faun zombie (Crypt:2)
  7 water moccasins
  22 orc warriors
  2 ice beasts
  6 black bears
  2 sky beasts
  3 small abominations (Gauntlet)
  21 wolves
  11 boggarts
  5 ogres
  10 centaurs
  3 phantoms
  A kobold brigand (D:10)
  Blork the orc (D:6)
  11 bullfrogs
  A gnoll sergeant (D:10)
  7 scorpions
  A two-headed ogre simulacrum (D:12)
  4 necrophages
  A cane toad simulacrum (IceCv)
  A water moccasin skeleton (Crypt:3)
  6 wights
  A killer bee (D:4)
  2 elephant simulacra
  A spriggan skeleton (Crypt:2)
  4 electric eels (D:8)
  3 howler monkeys
  3 crimson imps (Gauntlet)
  13 hounds
  18 orc priests
  3 jellies
  8 iguanas
  3 gnoll boudas
  33 orc wizards
  Natasha (twice) (D:2)
  A scorpion zombie (D:3)
  A hell rat (Sewer)
  2 troll simulacra (D:12)
  2 spriggan simulacra (D:12)
  A hound skeleton (D:3)
  5 adders
  15 gnolls
  2 river rats (Sewer)
  4 shadow imps
  3 white imps
  4 ufetubi
  4 worms
  3 dart slugs
  71 orcs
  10 ball pythons
  13 bats
  7 endoplasms
  6 giant cockroaches
  8 goblins
  4 hobgoblins
  3 jackals
  12 kobolds
  3 quokkas
  A ball python zombie (D:3)
  A bombardier beetle zombie (Crypt:2)
  2 frilled lizards
  A giant cockroach zombie (D:3)
  A goblin skeleton (Crypt:3)
  17 rats
  A rat skeleton (Crypt:3)
  7 aspiring fleshes
  A starspawn tentacle (WizLab)
1558 creatures vanquished.

Vanquished Creatures (collateral kills)
  An ancient lich (Zot:5)
  An orb of fire (Zot:5)
  Boris (twice) (Depths:3 Crypt:1)
  A Killer Klown (Zot:5)
  4 golden dragons
  2 doom hounds (Depths:4)
  6 tentacled monstrosities
  8 Orb Guardians (Zot:5)
  Mlioglotl (Shoals:2)
  A lich (Depths:2)
  A walking crystal tome (Depths:4)
  2 quicksilver dragons
  A deep elf blademaster (Elf:3)
  A titan (Depths:4)
  2 death cobs
  5 sphinxes
  2 eldritch tentacles (WizLab)
  2 ancient champions (Crypt:3)
  A deep elf master archer (Elf:3)
  7 storm dragons
  6 shadow dragons
  A protean progenitor (Zot:1)
  3 frost giants
  2 deep elf sorcerers (Elf:3)
  A draconian scorcher (Zot:5)
  3 draconian knights
  An iron dragon (Vaults:5)
  5 fire giants
  3 draconian monks
  8 ghouls
  An orc warlord (Vaults:2)
  4 vault wardens
  2 reapers (Crypt:3)
  3 draconian annihilators
  5 ghost moths
  9 stone giants
  A very ugly thing (WizLab)
  3 draconian stormcallers
  A broodmother (WizLab)
  8 ironbound preservers
  A formless jellyfish (Vaults:1)
  A vampire knight (Crypt:1)
  3 deep elf demonologists (Elf:3)
  2 deep elf death magi (Elf:3)
  2 green draconians
  2 ironbound thunderhulks
  8 black draconians
  5 red draconians
  3 deep elf annihilators (Elf:3)
  7 white draconians
  9 dire elephants
  7 purple draconians
  2 minotaurs
  9 yellow draconians
  A blizzard demon (WizLab)
  6 spark wasps
  A merfolk javelineer (Shoals:4)
  3 ettins
  4 great orbs of eyes
  4 fire dragons
  6 yaktaur captains
  6 jiangshi
  2 merfolk impalers (Shoals:2)
  2 entropy weavers
  3 vault guards
  2 ice dragons
  Erolcha (Orc:2)
  2 deep elf high priests
  A shambling mangrove (Depths:3)
  3 hydras
  A hell beast (D:5)
  3 spriggan air magi
  2 centaur warriors
  2 death knights (Crypt:2)
  2 satyrs (Shoals:4)
  5 ironbound frosthearts
  3 dancing weapons
  A radroach (Spider:3)
  2 boulder beetles
  A deep troll shaman (Depths:4)
  A tengu warrior (Depths:2)
  A thrashing horror (WizLab)
  An orc high priest (Elf:1)
  6 deep troll earth magi
  6 demonic crawlers
  A spriggan berserker (Depths:3)
  A vampire mage (Crypt:3)
  A hell knight (Depths:4)
  2 soul eaters (Crypt:2)
  7 deep elf knights
  A sixfirhy (Depths:1)
  A storm dragon skeleton (WizLab)
  2 iron trolls
  A shadow wraith (Crypt:3)
  A skeletal warrior (Crypt:3)
  Amaemon (Lair:2)
  3 skysharks
  3 pharaoh ants (Spider:4)
  A sea snake (shapeshifter) (Vaults:4)
  A large abomination (WizLab)
  4 sea snakes
  29 deep trolls
  A glowing orange brain (WizLab)
  A sun moth (Spider:2)
  A necromancer (Depths:2)
  2 phantasmal warriors
  A lindwurm (shapeshifter) (Depths:3)
  6 lindwurms
  4 deep elf archers
  A shadow dragon zombie (Crypt:1)
  A steelbarb worm (Spider:4)
  3 ironbound convokers
  8 fauns
  12 deep elf zephyrmancers
  7 harpies
  15 deep elf pyromancers
  A wolf spider zombie (Crypt:1)
  2 orc knights
  8 wolf spiders
  3 manticores
  A faun (shapeshifter) (Vaults:5)
  21 ugly things
  2 cyclopes
  An iron dragon skeleton (Crypt:1)
  A kobold blastminer (Orc:2)
  A shining eye (shapeshifter) (Vaults:5)
  6 moths of wrath
  A merfolk siren (Shoals:4)
  2 elephants
  7 cane toads
  7 vault sentinels
  2 smoke demons (Gauntlet)
  An ice statue (IceCv)
  2 orange demons
  2 torpor snails
  2 unseen horrors
  A centaur skeleton (Crypt:3)
  A naga skeleton (Crypt:3)
  2 freezing wraiths
  2 komodo dragons
  17 yaktaurs
  A guardian mummy (Vaults:1)
  A white draconian skeleton (Crypt:1)
  A polar bear (shapeshifter) (D:14)
  A green draconian skeleton (Crypt:1)
  A troll (D:8)
  2 meliai (Spider:1)
  2 polar bears
  A tyrant leech (Lair:5)
  4 wind drakes
  8 merfolk
  A hornet (shapeshifter) (D:15)
  3 hornets
  5 tarantellas
  2 blink frogs
  4 dream sheep
  5 snapping turtles
  6 jumping spiders
  13 slime creatures
  A spriggan (Depths:3)
  A fire dragon skeleton (Crypt:3)
  An air elemental (Elf:3)
  7 water elementals
  A wraith (Lair:4)
  A wyvern (Lair:1)
  9 culicivoras
  17 yaks
  3 fire elementals
  A steam dragon (Lair:2)
  3 basilisks
  A hog (shapeshifter) (Elf:3)
  19 redbacks
  A death yak simulacrum (IceCv)
  2 vampire mosquitoes
  A harpy simulacrum (IceCv)
  A merfolk zombie (Crypt:2)
  4 water moccasins
  A water moccasin (shapeshifter) (Elf:2)
  A black bear (Lair:3)
  An ice beast (Vaults:1)
  6 orc warriors
  A laughing skull (Crypt:3)
  A boggart (Vaults:3)
  2 ogres (Orc:2)
  5 wolves
  A centaur (D:12)
  A swamp dragon skeleton (Crypt:2)
  A draconian zombie (Crypt:1)
  4 bullfrogs
  A two-headed ogre simulacrum (D:12)
  An elf skeleton (Crypt:2)
  2 earth elementals
  4 necrophages
  A cane toad simulacrum (IceCv)
  A warg skeleton (Crypt:3)
  A cyclops skeleton (Crypt:2)
  A vampire bat (Lair:5)
  2 crimson imps (Gauntlet)
  A sleepcap (D:8)
  6 orc priests
  An iguana (Lair:2)
  6 orc wizards
  A human skeleton (Crypt:2)
  A troll simulacrum (D:12)
  A polar bear simulacrum (IceCv)
  A brain worm zombie (Crypt:1)
  4 gnolls
  A steam dragon zombie (Crypt:3)
  30 orcs
  A goblin (D:4)
  3 bats (Lair:5)
  A kobold (D:13)
  A quokka skeleton (Crypt:1)
  An aspiring flesh (Zot:3)
  2 boulders
721 creatures vanquished.

Vanquished Creatures (others)
  A deep elf master archer (Elf:3)
  A draconian scorcher (Zot:1)
  A stone giant (Depths:1)
  A deep elf death mage (Vaults:5)
  A purple draconian (Zot:5)
  A yaktaur captain (Vaults:5)
  3 satyrs (Shoals:4)
  A deep elf zephyrmancer (Elf:1)
  2 yaktaurs
  A ynoxinul (Zot:5)
  A redback (Spider:3)
  38 knights
  A quokka (Depths:4)
  6 boulders
  4 starspawn tentacles (WizLab)
63 creatures vanquished.

Grand Total: 2342 creatures vanquished

Notes
Turn   | Place    | Note
-------+----------+-------------------------------------------
     0 | D:1      | jestert79 the Kobold Earth Elementalist began the quest for
                  | the Orb.
     0 | D:1      | Reached XP level 1. HP: 10/10 MP: 3/3
   180 | D:1      | Reached XP level 2. HP: 15/15 MP: 1/5
   538 | D:1      | Reached XP level 3. HP: 19/19 MP: 4/6
   541 | D:1      | Learned a level 2 spell: Passwall
   934 | D:2      | Learned a level 3 spell: Stone Arrow
   993 | D:2      | Found a shimmering blue altar of Sif Muna.
  1071 | D:2      | Reached XP level 4. HP: 24/24 MP: 5/7
  1337 | D:2      | Noticed Natasha
  1340 | D:2      | Killed Natasha
  1616 | D:2      | Reached skill level 1 in Conjurations
  1769 | D:2      | Found a runed translucent door.
  1772 | D:2      | Noticed Crazy Yiuf
  1840 | D:2      | Reached XP level 5. HP: 28/28 MP: 8/8
  2072 | D:2      | Noticed Natasha
  2075 | D:2      | Killed Natasha
  2323 | D:3      | Noticed Sigmund
  2331 | D:3      | Killed Sigmund
  2332 | D:3      | Reached skill level 5 in Earth Magic
  2332 | D:3      | Reached XP level 6. HP: 10/32 MP: 6/9
  2476 | D:3      | Found a faded altar of an unknown god.
  2782 | D:3      | Found Riuw's Weapon Shop.
  2916 | D:3      | Noticed a black bear
  2968 | D:3      | Killed a black bear
  2969 | D:3      | Reached skill level 1 in Fighting
  2969 | D:3      | Reached XP level 7. HP: 38/38 MP: 8/10
  2997 | D:3      | Reached skill level 3 in Dodging
  3264 | D:3      | Noticed Grinder
  3406 | D:4      | Noticed Edmund
  3696 | D:4      | Killed Edmund
  3902 | D:4      | Learned a level 4 spell: Brom's Barrelling Boulder
  3970 | D:4      | Noticed Eustachio
  4044 | D:4      | Eustachio changed into Eustachio the killer bee
  4044 | D:4      | Noticed Eustachio
  4049 | D:4      | Reached XP level 8. HP: 34/45 MP: 11/11
  4049 | D:4      | Killed Eustachio the killer bee
  4050 | D:4      | Reached skill level 4 in Dodging
  4263 | D:4      | Found a glowing silver altar of Zin.
  4813 | D:5      | Entered Level 5 of the Dungeon
  4981 | D:5      | Found a glowing drain.
  4988 | Sewer    | Entered a sewer
  5183 | Sewer    | Identified a scroll of acquirement
  5184 | Sewer    | Acquired the +2 pair of boots "Pyirum" {Dex+3}
  5569 | D:5      | Reached skill level 5 in Dodging
  5659 | D:5      | Reached skill level 5 in Conjurations
  6058 | D:5      | Reached XP level 9. HP: 52/52 MP: 11/12
  6622 | D:6      | Noticed Menkaure
  6624 | D:6      | Killed Menkaure
  6625 | D:6      | Reached skill level 1 in Short Blades
  6625 | D:6      | Reached skill level 6 in Dodging
  6687 | D:6      | Found a staircase to the Ecumenical Temple.
  6693 | Temple   | Entered the Ecumenical Temple
  6711 | Temple   | Became a worshipper of Hepliaklqana the Forgotten
  6793 | D:6      | Reached skill level 5 in Fighting
  6918 | D:6      | Noticed Blork the orc
  6921 | D:6      | Killed Blork the orc
  6990 | D:6      | Found a shimmering blue altar of Sif Muna.
  8032 | D:6      | Reached * piety under Hepliaklqana
  8200 | D:7      | Reached XP level 10. HP: 54/54 MP: 13/13
  8364 | D:7      | Reached skill level 7 in Dodging
  9475 | D:7      | Reached skill level 5 in Stealth
  9637 | D:8      | Reached ** piety under Hepliaklqana
  9638 | D:8      | Remembered your ancestor Verminaard as a knight
  9741 | D:8      | Reached skill level 5 in Short Blades
 10074 | D:8      | Found a staircase to the Lair.
 10569 | D:8      | Found a runed translucent door.
 10569 | D:8      | Noticed gelatine's ghost (novice DsFi)
 10636 | Lair:1   | Entered Level 1 of the Lair of Beasts
 10639 | Lair:1   | Noticed a black mamba
 10643 | Lair:1   | Killed a black mamba
 10644 | Lair:1   | Reached skill level 8 in Dodging
 10723 | Lair:1   | Noticed a cane toad
 10727 | Lair:1   | Killed a cane toad
 10770 | Lair:1   | Noticed a cane toad
 10773 | Lair:1   | Killed a cane toad
 10774 | Lair:1   | Reached XP level 11. HP: 60/60 MP: 14/14
 10785 | Lair:1   | Learned a level 4 spell: Flame Wave
 11267 | Lair:1   | Reached skill level 9 in Dodging
 11898 | Lair:1   | Reached XP level 12. HP: 67/67 MP: 16/16
 12139 | Lair:1   | Reached skill level 1 in Fire Magic
 12213 | Lair:1   | Reached skill level 10 in Dodging
 12684 | Lair:2   | Noticed Fannar
 12778 | Lair:2   | Killed Fannar
 13315 | Lair:2   | Reached skill level 11 in Dodging
 13507 | Lair:2   | Identified the +12 war axe of Context {freeze, Int-3 Dex+5}
 13549 | Lair:2   | Reached skill level 10 in Fighting
 13797 | Lair:2   | Noticed a six-headed hydra
 13800 | Lair:2   | Killed a six-headed hydra
 13824 | Lair:2   | Reached skill level 5 in Fire Magic
 14117 | Lair:2   | Reached XP level 13. HP: 74/74 MP: 6/18
 14296 | Lair:2   | Learned a level 4 spell: Petrify
 14672 | Lair:2   | Reached skill level 12 in Dodging
 15349 | Lair:2   | Found a hole to the Spider Nest.
 15543 | Lair:2   | Reached *** piety under Hepliaklqana
 15560 | Lair:2   | Noticed Amaemon
 15567 | Lair:2   | Killed Amaemon
 16055 | Lair:3   | Noticed Rupert
 16294 | Lair:3   | Found a staircase to the Shoals.
 16429 | Lair:3   | Found a runed translucent gate.
 16429 | Lair:3   | Found a runed translucent gate.
 16429 | Lair:3   | Found a runed translucent gate.
 16488 | Lair:3   | Killed Rupert
 16489 | Lair:3   | Reached skill level 13 in Dodging
 17835 | Lair:4   | Reached XP level 14. HP: 82/82 MP: 14/20
 17951 | Lair:4   | Reached skill level 14 in Dodging
 18366 | Lair:4   | Noticed Urug
 18376 | Lair:4   | Killed Urug
 18389 | Lair:4   | Reached **** piety under Hepliaklqana
 18396 | Lair:4   | Found a staircase to the Slime Pits.
 18397 | Lair:4   | Found a viscous altar of Jiyva.
 18575 | Lair:4   | Reached skill level 1 in Evocations
 18967 | Lair:4   | Noticed Josephine
 18975 | Lair:4   | Killed Josephine
 19406 | Lair:5   | Entered Level 5 of the Lair of Beasts
 20117 | Lair:5   | Reached skill level 15 in Dodging
 20121 | Lair:5   | Reached skill level 5 in Evocations
 21440 | Lair:5   | Identified the staff "Razxot" {rPois Will- Dex+3 Ice Air
                  | Alchemy}
 21475 | Lair:5   | Reached XP level 15. HP: 90/90 MP: 21/21
 21653 | Lair:5   | Reached skill level 16 in Dodging
 22526 | D:8      | Upgraded the game from 0.31-a0-1370-gf52a5a9ab3 to
                  | 0.31-a0-1388-g4b2ba238e7
 23420 | D:10     | Entered Level 10 of the Dungeon
 23426 | D:10     | Found an iron altar of Okawaru.
 23626 | D:10     | Found Oredajes's Changing Room.
 23976 | D:10     | Reached ***** piety under Hepliaklqana
 24084 | D:10     | Found the +12 glaive of Prune {freeze, Prune}
 24492 | D:11     | Reached skill level 15 in Fighting
 25313 | D:11     | Found a staircase to the Orcish Mines.
 25406 | Orc:1    | Entered Level 1 of the Orcish Mines
 25663 | Orc:1    | Found Paigar's Jewellery Boutique.
 25767 | Orc:2    | Entered Level 2 of the Orcish Mines
 25772 | Orc:2    | Noticed Erolcha
 25776 | Orc:2    | Killed Erolcha
 25997 | Orc:2    | Noticed an orc warlord
 26184 | Orc:2    | Killed an orc warlord
 26185 | Orc:2    | Reached skill level 5 in Spellcasting
 26375 | Orc:2    | Found Cuajaix's Antique Weapon Shop.
 26384 | Orc:2    | Found Hyzxudeg's Antique Armour Boutique.
 26620 | Orc:2    | Found a staircase to the Elven Halls.
 27000 | Orc:2    | Found Segebeax's Book Boutique.
 27393 | Orc:2    | Found Filujuob's Antique Weapon Shop.
 27398 | Orc:2    | Bought a bloodstained dagger for 210 gold pieces
 27398 | Orc:2    | Identified the +8 dagger "Liwkossias" {freeze, rN++ Str+4
                  | Int-5} (You bought it in a shop on level 2 of the Orcish
                  | Mines)
 27674 | Orc:2    | Reached skill level 17 in Dodging
 27771 | Orc:2    | Bought a book of Spontaneous Combustion for 456 gold pieces
 27777 | Orc:2    | Learned a level 5 spell: Irradiate
 27932 | Orc:2    | Bought an embroidered cloak for 225 gold pieces
 28097 | D:12     | Found a frozen archway.
 28149 | IceCv    | Entered an ice cave
 28204 | IceCv    | Found a transporter.
 28242 | IceCv    | Found a transporter.
 28388 | D:12     | Noticed Snorg
 28394 | D:12     | Killed Snorg
 29993 | D:13     | Reached skill level 5 in Alchemy
 29993 | D:13     | Reached XP level 16. HP: 98/98 MP: 22/25
 30317 | D:13     | Found a gate to the Vaults.
 30321 | D:13     | Noticed a frost giant
 30335 | D:13     | Killed a frost giant
 30592 | D:14     | Found a gate leading to a gauntlet.
 30603 | Gauntlet | Entered a Gauntlet
 30603 | Gauntlet | Found a transporter.
 30612 | Gauntlet | Found a runed translucent door.
 30616 | Gauntlet | Found a transporter.
 30628 | Gauntlet | Found a transporter.
 30641 | Gauntlet | Found a transporter.
 30654 | Gauntlet | Found a transporter.
 30671 | Gauntlet | Found a transporter.
 30700 | Gauntlet | Reached ****** piety under Hepliaklqana
 30726 | Gauntlet | Found a transporter.
 30750 | Gauntlet | Found a transporter.
 30765 | Gauntlet | Found a transporter.
 30765 | Gauntlet | Found a transporter.
 30782 | Gauntlet | Found a transporter.
 30782 | Gauntlet | Found a transporter.
 30798 | Gauntlet | Found a transporter.
 30798 | Gauntlet | Found a transporter.
 31064 | Gauntlet | Identified the +2 pair of gloves "Lud Goarph" {rElec}
 31176 | Gauntlet | Identified the +2 quarterstaff "Ycaivi" {flame, rCorr}
 31204 | Gauntlet | Identified the +1 robe of the Desolation of Salt {rC-
                  | Str+5}
 31220 | Gauntlet | Learned a level 5 spell: Yara's Violent Unravelling
 32074 | D:14     | Reached skill level 1 in Hexes
 33430 | D:14     | Noticed a frost giant
 33453 | D:14     | Killed a frost giant
 33822 | D:14     | Found the +5 glaive of the Guard {elec, spectral}
 33971 | D:15     | Entered Level 15 of the Dungeon
 34000 | D:15     | Found a burning altar of Makhleb.
 34197 | D:15     | Found Mockucwy's Jewellery Boutique.
 34203 | D:15     | Bought a ring of see invisible for 195 gold pieces
 34203 | D:15     | Bought a ring of resist corrosion for 260 gold pieces
 34544 | D:15     | Identified the +2 leather armour of Apathy {+Blink rC+ rN+}
 34644 | D:15     | Reached skill level 5 in Hexes
 35081 | D:15     | Learned a level 1 spell: Apportation
 35454 | D:15     | Found a staircase to the Depths.
 35755 | Spider:1 | Entered Level 1 of the Spider Nest
 36525 | Spider:1 | Reached XP level 17. HP: 103/103 MP: 20/27
 38378 | Spider:2 | Reached skill level 18 in Dodging
 41664 | Spider:4 | Entered Level 4 of the Spider Nest
 42518 | Spider:4 | Reached XP level 18. HP: 111/111 MP: 27/31
 42583 | Spider:4 | Learned a level 7 spell: Orb of Destruction
 42628 | Spider:4 | Reached skill level 19 in Dodging
 43575 | Spider:4 | Reached skill level 1 in Invocations
 43750 | Spider:4 | Reached skill level 10 in Conjurations
 44866 | Spider:4 | Got a gossamer rune of Zot
 45100 | Shoals:1 | Entered Level 1 of the Shoals
 45619 | Shoals:1 | Reached skill level 1 in Staves
 46193 | Shoals:1 | Reached skill level 5 in Invocations
 47867 | Shoals:2 | Noticed Mlioglotl
 47868 | Shoals:2 | Noticed a bone dragon
 47941 | Shoals:2 | Killed Mlioglotl
 48762 | Shoals:2 | Found a runed translucent gate.
 48763 | Shoals:2 | Found a runed translucent gate.
 48764 | Shoals:2 | Found a runed translucent gate.
 48802 | Shoals:2 | Reached XP level 19. HP: 105/117 MP: 23/32
 48943 | Shoals:2 | Reached skill level 10 in Spellcasting
 49589 | Shoals:3 | Found Qink's Vocational Training.
 50293 | Shoals:4 | Entered Level 4 of the Shoals
 50747 | Shoals:4 | Reached skill level 20 in Dodging
 52505 | Shoals:4 | Got a barnacled rune of Zot
 52958 | Vaults:1 | Entered Level 1 of the Vaults
 53161 | Vaults:1 | Found the +5 Lochaber axe {reach-cleave, Poleaxe ^Drain}
 53555 | Vaults:1 | Noticed a titan
 53568 | Vaults:1 | Killed a titan
 54022 | Vaults:1 | Reached XP level 20. HP: 123/123 MP: 27/34
 55003 | Vaults:1 | Found a portal to a secret trove of treasure.
 55777 | Vaults:1 | Identified the +7 flail of Inference {freeze, rC+ Dex+3
                  | SInv}
 56279 | Orc:2    | Bought a book of Annihilations for 720 gold pieces
 56454 | Depths:1 | Entered Level 1 of the Depths
 57438 | Vaults:1 | Identified the +4 rapier "Conservator" {drain, *Noise
                  | Int+7}
 57588 | Vaults:1 | You fall into a shaft and drop 1 floor!
 58224 | Vaults:1 | Reached skill level 10 in Earth Magic
 58639 | Vaults:2 | Noticed Nikola
 58646 | Vaults:2 | Killed Nikola
 59609 | Vaults:2 | Reached skill level 21 in Dodging
 59802 | Vaults:2 | Reached XP level 21. HP: 129/129 MP: 19/37
 60062 | Vaults:2 | Learned a level 9 spell: Shatter
 60260 | Vaults:2 | Noticed Asterion
 60267 | Vaults:2 | Killed Asterion
 60611 | Vaults:2 | Found a staircase to the Crypt.
 60611 | Vaults:2 | Found an ancient bone altar of Kikubaaqudgha.
 60611 | Vaults:2 | Found a basalt altar of Yredelemnul.
 62634 | Vaults:3 | Found a transporter.
 62678 | Vaults:3 | Found a transporter.
 62930 | Vaults:3 | Noticed Donald
 62938 | Vaults:3 | Killed Donald
 63699 | Vaults:3 | Identified the +9 mace of Integrity {vamp, rF+ Will++}
 65913 | Vaults:4 | Reached XP level 22. HP: 136/136 MP: 32/39
 65940 | Vaults:4 | Upgraded the game from 0.31-a0-1388-g4b2ba238e7 to
                  | 0.31-a0-1405-g2bb1a01664
 66193 | Vaults:4 | Reached skill level 22 in Dodging
 67792 | Depths:1 | Found a gateway to Hell.
 67822 | Depths:1 | Identified the +6 dagger of Qemiwn {venom, rN++ Stlth+}
 68517 | Depths:1 | Found a one-way gateway to a ziggurat.
 69897 | Depths:1 | Identified the staff of Nafil {+Blink rF+ rC+ Fire}
 70138 | Depths:1 | Noticed Bai Suzhen
 70144 | Depths:1 | Killed Bai Suzhen
 70651 | Depths:2 | Found an opulent altar of Gozag.
 70937 | Depths:2 | Found a one-way gate leading to the halls of Pandemonium.
 71284 | Elf:1    | Entered Level 1 of the Elven Halls
 71385 | Elf:1    | Identified the +7 dire flail of the Sage {venom, rPois}
 72657 | Elf:2    | Reached XP level 23. HP: 128/142 MP: 31/41
 72709 | Elf:2    | Found a magical portal.
 72715 | WizLab   | Entered The Roulette of Golubria
 72715 | WizLab   | Found a transporter.
 72718 | WizLab   | Found the +1 cloak of Starlight {*Dazzle EV+4 Stlth--}
 72832 | WizLab   | Learned a level 5 spell: Lee's Rapid Deconstruction
 72835 | WizLab   | Found a corrupted altar of Lugonu.
 73009 | WizLab   | Found a transporter.
 73063 | WizLab   | Found a transporter.
 73157 | WizLab   | Found a corrupted altar of Lugonu.
 73245 | WizLab   | Reached skill level 15 in Earth Magic
 73354 | WizLab   | Found a transporter.
 73359 | WizLab   | Found a transporter.
 73395 | WizLab   | Found a transporter.
 73395 | WizLab   | Found a transporter.
 73475 | WizLab   | Found a transporter.
 73475 | WizLab   | Found a transporter.
 73678 | WizLab   | Found a transporter.
 73836 | WizLab   | Found a transporter.
 73843 | WizLab   | Got Golubria's Catalogue of the Jaunt
 73878 | WizLab   | Found a transporter.
 73958 | WizLab   | Found a transporter.
 73975 | WizLab   | Found a transporter.
 73979 | WizLab   | Found a transporter.
 74081 | WizLab   | Found a transporter.
 74081 | WizLab   | Found a transporter.
 74230 | WizLab   | Found a transporter.
 74230 | WizLab   | Found a transporter.
 74428 | WizLab   | Found a corrupted altar of Lugonu.
 74721 | WizLab   | Identified the +0 cloak of the Evening Star {rPois rF+}
 74723 | WizLab   | Identified the +0 cloak "Kenuusoe" {rF+}
 74759 | WizLab   | Identified the +2 cloak of Omission {Slay+3}
 75481 | Elf:2    | Found Feumuoh's Self-Improvement Boutique.
 75728 | Elf:2    | Found a runed translucent gate.
 75728 | Elf:2    | Found a runed translucent gate.
 75728 | Elf:2    | Found a runed translucent gate.
 76336 | Elf:3    | Entered Level 3 of the Elven Halls
 76591 | Elf:3    | Noticed Mara
 76609 | Elf:3    | Noticed jestert79's illusion
 76609 | Elf:3    | Killed Mara
 77042 | Elf:3    | Reached skill level 15 in Spellcasting
 77234 | Elf:3    | Found Pockeyf's Weapon Shoppe.
 77427 | Elf:3    | Found Tollighant's Armour Shop.
 77427 | Elf:3    | Found Mozi's Armour Boutique.
 77428 | Elf:3    | Found Moxteiph's Book Shop.
 77608 | Elf:3    | Identified the ring "Moexku" {*Slow rF+ Str+6 Dex+3}
 78478 | Elf:3    | Identified the +0 scale mail of Nucseroc {Harm *Slow rElec
                  | rPois}
 78484 | Elf:3    | Reached XP level 24. HP: 106/147 MP: 37/42
 78899 | Elf:3    | Identified the +0 scale mail of the Griffon {rN+}
 79104 | Elf:3    | Identified the +6 shortbow of the Shoals {freeze, Str+5}
 79305 | Elf:3    | Identified the +0 ring mail of Omission {Str+5}
 79359 | Elf:3    | Got the Compendium of Mortification and the Map
 79361 | Elf:3    | Got the Grimoire of Despair
 79741 | Elf:3    | Learned a level 6 spell: Bombard
 81644 | Depths:2 | Found a runed translucent door.
 81752 | Depths:2 | Found a runed translucent door.
 82530 | Depths:3 | Noticed Vv
 82832 | Depths:3 | Noticed Boris
 82837 | Depths:3 | Killed Boris
 82965 | Depths:3 | Found Tunuut's Armour Shoppe.
 83028 | Depths:3 | Found a one-way gate to the infinite horrors of the Abyss.
 83064 | Depths:3 | Noticed Parghit
 83089 | Depths:3 | Killed Parghit
 83459 | Depths:3 | Killed Vv
 84032 | Depths:3 | Found a radiant altar of Vehumet.
 84034 | Depths:3 | Noticed the Enchantress
 84038 | Depths:3 | Killed the Enchantress
 84311 | Depths:3 | Reached skill level 1 in Armour
 85137 | Depths:4 | Entered Level 4 of the Depths
 85190 | Depths:4 | Noticed Boris
 85202 | Depths:4 | Killed Boris
 85420 | Depths:4 | Reached XP level 25. HP: 152/152 MP: 28/43
 86292 | Depths:4 | Reached skill level 5 in Armour
 86490 | Depths:4 | Noticed Grunn
 86807 | Depths:4 | Killed Grunn
 87236 | Depths:4 | Found a white marble altar of Elyvilon.
 87917 | Depths:4 | Found a gate to the Realm of Zot.
 88448 | Crypt:1  | Entered Level 1 of the Crypt
 88605 | Crypt:1  | Noticed Boris
 88614 | Crypt:1  | Killed Boris
 90273 | Crypt:2  | Found an ancient bone altar of Kikubaaqudgha.
 91562 | Crypt:3  | Entered Level 3 of the Crypt
 92813 | Crypt:3  | Found a staircase to the Tomb.
 93405 | Crypt:3  | Noticed a curse toe
 93413 | Crypt:3  | Killed a curse toe
 94041 | Crypt:3  | Noticed an ancient lich
 94042 | Crypt:3  | Noticed a dread lich
 94042 | Crypt:3  | Noticed a dread lich
 94043 | Crypt:3  | Killed an ancient lich
 94044 | Crypt:3  | Reached XP level 26. HP: 158/158 MP: 25/43
 94045 | Crypt:3  | Killed a dread lich
 94046 | Crypt:3  | Killed a dread lich
 94162 | Crypt:3  | Got the Parchment of Diablerie
 94170 | Crypt:3  | Identified the +4 short sword of Raseh {flame, rN+ Str+4
                  | Int-4}
 94706 | Shoals:3 | Bought a manual of Invocations for 1280 gold pieces
 95101 | Vaults:5 | Entered Level 5 of the Vaults
 95776 | Vaults:5 | Noticed a dread lich
 95782 | Vaults:4 | Killed a dread lich
 96180 | Vaults:5 | Reached skill level 23 in Dodging
 96580 | Vaults:5 | Noticed a dread lich
 96585 | Vaults:4 | Killed a dread lich
 96805 | Vaults:5 | Reached skill level 10 in Armour
 96966 | Vaults:5 | Reached XP level 27. HP: 137/164 MP: 17/44
 97260 | Vaults:5 | Reached skill level 10 in Invocations
 98227 | Vaults:5 | Got a silver rune of Zot
 98765 | Vaults:5 | Identified the +1 quarterstaff of Dissent {drain, Dex+2}
 98869 | Vaults:5 | Got the Tome of Virous Fire
 98900 | Vaults:5 | Identified the +3 chain mail of the Enfolding Gods {rN+++
                  | Regen+ Int-4 Stlth+}
 99303 | Zot:1    | Entered Level 1 of the Realm of Zot
102757 | Zot:1    | Found a basalt altar of Yredelemnul.
102774 | Zot:1    | Got Sif Muna's Folio of Fire and Brimstone
103450 | Zot:2    | Noticed an orb of fire
103456 | Zot:2    | Killed an orb of fire
103558 | Zot:1    | Upgraded the game from 0.31-a0-1405-g2bb1a01664 to
                  | 0.31-a0-1424-g2add1c7226
103591 | Zot:2    | Learned a level 2 spell: Blink
103598 | Zot:2    | Learned a level 6 spell: Dispersal
103717 | Zot:2    | Reached skill level 1 in Translocations
104958 | Zot:3    | Found a transporter.
104958 | Zot:3    | Found a transporter.
105035 | Zot:2    | Reached skill level 5 in Translocations
109241 | Zot:5    | Entered Level 5 of the Realm of Zot
109432 | Zot:5    | Noticed a Killer Klown
109438 | Zot:5    | Killed a Killer Klown
109658 | Zot:5    | Reached skill level 24 in Dodging
110551 | Zot:5    | Reached skill level 15 in Invocations
110958 | Zot:5    | Noticed a dread lich
110969 | Zot:5    | Killed a dread lich
111041 | Zot:5    | Noticed a Killer Klown
111048 | Zot:5    | Killed a Killer Klown
111155 | Zot:5    | Noticed an orb of fire
111160 | Zot:5    | Killed an orb of fire
111186 | Zot:5    | Noticed an ancient lich
111191 | Zot:5    | Killed an ancient lich
111318 | Zot:5    | Noticed an orb of fire
111323 | Zot:5    | Killed an orb of fire
111324 | Zot:5    | Reached skill level 10 in Evocations
111584 | Zot:5    | Noticed a Killer Klown
111595 | Zot:5    | Killed a Killer Klown
112110 | Zot:5    | Reached skill level 15 in Conjurations
112316 | Zot:5    | Got the Orb of Zot
112465 | Zot:1    | Noticed Zadif the pandemonium lord
112598 | Depths:1 | Noticed Wutihirghi the pandemonium lord
112828 | D:7      | Noticed Qaifob the pandemonium lord
112929 | D:$      | Escaped with the Orb!

Illustrated notes

Levels and vault maps discovered:
D:1:      grunt_arrival_lava_bath, layout_rooms, grunt_decor_arrowhead,
          feat_on_display
D:2:      layout_loops_corners, basic_altar, uniq_natasha,
          uniq_crazy_yiuf_cottage
D:3:      layout_basic, dreamdust_ecumenical_altar_hidden_monk_grotto,
          serial_undead, serial_undead_d, serial_undead_e, serial_undead_b,
          serial_undead_e, serial_shops, shop, grunt_ministairs_7, uniq_sigmund,
          uniq_grinder
D:4:      layout_loops_ring, lemuel_round_altar, st_stairs_1,
          minmay_crystal_room, minmay_hedge_maze, minmay_between,
          uniq_eustachio, uniq_edmund
D:5:      layout_loops_cross, cheibrodos_sewer_entry_drain, minivault_27,
          roderic_serpentine_path, dreamdust_mushroom_princess,
          roderic_filled_cross, minmay_fractal_squares_diagonal_5
D:6:      layout_loops_ring, led_sif_book, minmay_temple_entry_enclosed_plants,
          serial_bayou_pond_d, chequers_decorated_corner, uniq_blork_the_orc,
          uniq_menkaure
D:7:      layout_loops_ring, dreamdust_gnoll_farm
D:8:      layout_loops_ring, erik_lair_island, gammafunk_ghost_grave
D:9:      layout_gridville
D:10:     layout_roguey, okawaru_gym_becter, nicolae_transmutations_shop,
          chequers_serial_rivers_micro_a, hex_tiny, minmay_door_square
D:11:     layout_big_octagon, david_orc_5
D:12:     layout_basic, portal_ice_cave_entry_ice_simulacra, centaur_isle,
          uniq_snorg
D:13:     layout_basic, hellmonk_vaults_attempted_burglary
D:14:     minmay_guarded_unrand_guard, layout_loops_ring,
          kennysheep_another_room, gauntlet_entry_generic,
          hangedman_decor_lopped
D:15:     gammafunk_enter_depths_forms, layout_loops_ring,
          hangedman_abyss_or_decor_stagger, serial_shops,
          nicolae_shop_rolling_square, makhleb_altar_promises_db
Temple:   hellmonk_temple_of_storms
Lair:1:   layout_loops_ring, dreamdust_wasp_nest
Lair:2:   beast_lair_carwin_large_4, layout_cave_pods,
          hellmonk_spider_entry_life_and_decay, gammafunk_lair_bear_cave,
          uniq_fannar, uniq_amaemon
Lair:3:   layout_roguey, shoals_dummy_entry, gammafunk_ghost_necromancy,
          uniq_rupert
Lair:4:   layout_cellular_growth, slime_entry_1, lemuel_fruit_tree,
          uniq_josephine, uniq_urug
Lair:5:   minmay_lair_end_frog_pond, layout_loops_ring, roderic_batcave,
          dpeg_oklob_1, infiniplex_staircase_pool_2
Shoals:1: layout_shoals
Shoals:2: layout_shoals, nicolae_shoals_beach_cooler, uniq_mlioglotl
Shoals:3: layout_shoals, nicolae_shop_vocational
Shoals:4: shoals_end_hellmonk_lost_city
Spider:1: layout_chambers, nicolae_spider_checkerboard
Spider:2: layout_spider_delve
Spider:3: layout_chambers
Spider:4: spider_rune_water
Orc:1:    layout_caves, basic_altar, serial_shops, nicolae_square_shop,
          mines2_lemuel
Orc:2:    grunt_orc_community_town_hall, layout_caves,
          grunt_orc_community_big_house_2, grunt_orc_community_big_house_1,
          grunt_orc_community_house_1, grunt_orc_community_house_3,
          grunt_orc_community_house_1, grunt_orc_community_house_2,
          grunt_orc_community_house_3, uniq_erolcha
Elf:1:    eino_elf_arrival_customs, layout_gridlike,
          kennysheep_underground_church
Elf:2:    elven_hall_of_blades_hangedman_original [grunt_blade_entry_basic],
          layout_rooms, mu_enter_wizlab_5, nicolae_shop_self_help
Elf:3:    grunt_elf_hall_diamonds, layout_gridlike, serial_shops,
          nicolae_shop_tiny_statue_garden,
          serial_library_hellmonk_long_bookcase, hangedman_elf_disciples,
          minmay_shop_star, uniq_mara
Vaults:1: nicolae_vaults_closet_pinwheel_2, dpeg_vaults_monster_box,
          v_alt_pattern_4, v_rooms_4, nicolae_vaults_trapezoid_3,
          nicolae_vaults_variable_pillar_hall, grunt_vaults_trifunnel,
          v_misc_23, serial_ice_g, nicolae_vaults_enemy_cabinets,
          nicolae_vaults_house_2, nicolae_vaults_little_squares_1,
          vaults_room_semicircle, nicolae_vaults_little_squares_6,
          vaults_dpeg_encased_lava, v_misc_3, layout_vaults_ring,
          nicolae_trove_entry_path_of_doom
Vaults:2: nicolae_vaults_big_angled_halls, nicolae_vaults_spaceships,
          vaults_standard_mumra_enter_the_diamond, nicolae_vaults_network_s,
          v_rooms_4, minmay_crypt_entry_necro_gods, nicolae_vaults_octothorpe,
          nicolae_vaults_stairing_the_circle,
          vaults_standard_mumra_enter_the_diamond, v_misc_13,
          layout_vaults_omnicross, uniq_asterion, uniq_nikola
Vaults:3: hangedman_vaults_river_flow, gammafunk_its_a_trap,
          nicolae_vaults_lightning_bolt, hangedman_vaults_corner_blocks,
          vaults_dpeg_doors, nicolae_vaults_wine_cellar, v_misc_18,
          nicolae_vaults_storage_room_statues, hangedman_vaults_cutoff,
          grunt_vaults_hallway_long, nicolae_vaults_theta,
          nicolae_vaults_house_1, nicolae_vaults_tetromino_L_1,
          layout_vaults_omnibox, uniq_donald
Vaults:4: nicolae_vaults_security_offices_2,
          hangedman_vaults_stretched_pinwheel, v_misc_22, v_misc_22, v_misc_18,
          ontoclasm_vaults_decontamination, nicolae_vaults_closet_pinwheel_5,
          vaults_room_pools, v_misc_29, layout_vaults_big_room
Vaults:5: serial_shops
Crypt:1:  layout_basic, grunt_crypt_arrival_split
Crypt:2:  layout_chaotic_city, basic_altar
Crypt:3:  david_glass_crypt, layout_misc_corridors, minmay_misc_feat_five,
          minivault_4, moated_statue, amcnicky_mini_pool_small
Depths:1: nzn_winding_woodlands_cross [nzn_winding_woodlands_5x15_eye,
          nzn_winding_woodlands_5x15_longhouse,
          nzn_winding_woodlands_5x15_river_crossing,
          nzn_winding_woodlands_5x15_parted,
          nzn_winding_woodlands_15x15_thick_spiral], layout_cave_pools,
          enter_ziggurat_c, amcnicky_mini_rare_corridor_liquid, hell_entry,
          kennysheep_decorative_pillar, nicolae_figureground_pulse,
          uniq_bai_suzhen
Depths:2: minmay_the_grid_triangle_9x9_recursive_3
          [minmay_the_grid_triangle_9x9_minimal,
          minmay_the_grid_triangle_9x9_fully_insulated_deathbox,
          minmay_the_grid_triangle_9x9_checkered,
          minmay_the_grid_triangle_9x9_prize_top_heavy,
          minmay_the_grid_triangle_9x9_steps,
          minmay_the_grid_triangle_9x9_dagger,
          minmay_the_grid_triangle_9x9_sprig,
          minmay_the_grid_triangle_9x9_empty,
          minmay_the_grid_triangle_9x9_corruption], layout_gridlike,
          grunt_gozag_breadcrumbs, pf_coc_iceberg, grunt_pan_entry_in_and_out
Depths:3: grunt_forest_end_shrine, layout_honeycomb, serial_shops, shop,
          hangedman_abyss_or_decor_jellyfish_corner, hell_entry,
          abyss_entry_glasseish, serial_library_regret_index_small_wings,
          minmay_metal_thing, minmay_staircase_windowed_large, uniq_vv,
          uniq_enchantress, uniq_boris, uniq_parghit
Depths:4: grunt_x_marks_the_spot, layout_small_grid, hell_entry,
          elyvilon_altar_4, uniq_grunn
Zot:1:    nicolae_zot_draconian_monastery, layout_cathedral_of_symmetry
Zot:2:    layout_misc_corridors, hangedman_zot_gyre, drop_trap
Zot:3:    layout_gridlike, nicolae_diode_stairs
Zot:4:    layout_misc_corridors, regret_index_zotdec_onion_hex
Zot:5:    layout_concentric_octagons, lemuel_baited_zot_trap, st_stairs_4

Skill      XL: |  1  2  3  4  5  6  7  8  9 10 11 12 13 14 15 16 17 18 19 20 21 22 23 24 25 26 27 |
---------------+----------------------------------------------------------------------------------+-----
Stealth        | 3 4 6 8 9 |  9.0
Earth Magic    | 4 5 6 7 8 9 10 11 14 18 20 22 23 | 23.0
Conjurations   | 1 3 4 5 6 7 8 9 10 12 14 15 | 15.0
Alchemy        | 2 4 5 8 9 |  9.9
Fighting       | 1 2 4 5 7 8 10 12 14 15 16 17 18 19 20 21 22 | 22.5
Dodging        | 3 5 6 8 9 11 13 15 17 18 19 20 21 22 23 24 | 24.3
Short Blades   | 3 5 |  5.0
Spellcasting   | 3 4 6 7 9 10 12 13 14 15 16 17 18 | 18.0
Fire Magic     | 5 6 |  6.1
Evocations     | 6 7 10 | 10.4
Hexes          | 5 6 |  6.0
Invocations    | 6 9 15 | 15.9
Staves         | 2 |  2.6
Armour         | 3 8 10 11 | 11.9
Translocations | 6 |  6.4

Action                     |  1- 3 |  4- 6 |  7- 9 | 10-12 | 13-15 | 16-18 | 19-21 | 22-24 | 25-27 || total
---------------------------+-------+-------+-------+-------+-------+-------+-------+-------+-------++-------
  Melee: Dagger            |       |     4 |    21 |    20 |   155 |    48 |    41 |    11 |       ||   300
         Unarmed           |       |       |     6 |       |       |       |       |       |       ||     6
         Punch             |       |       |       |     2 |       |     1 |       |     1 |       ||     4
         Staff             |       |       |       |       |     4 |    49 |   180 |   154 |   218 ||   605
   Cast: Sandblast         |    43 |    48 |    64 |   115 |   257 |   294 |   216 |   154 |    91 ||  1282
         Stone Arrow       |       |     5 |    95 |   153 |   300 |   434 |   384 |   311 |   124 ||  1806
         Flame Wave        |       |       |       |     1 |    28 |     6 |     6 |     5 |     2 ||    48
         Petrify           |       |       |       |       |    36 |    47 |    14 |     1 |     2 ||   100
         Brom's Barrelling |       |       |       |       |     3 |    10 |     2 |     2 |       ||    17
         Irradiate         |       |       |       |       |       |    45 |    76 |    83 |    99 ||   303
         Yara's Violent Un |       |       |       |       |       |     1 |    22 |    51 |    20 ||    94
         Orb of Destructio |       |       |       |       |       |       |    19 |    33 |    19 ||    71
         Apportation       |       |       |       |       |       |       |     1 |       |       ||     1
         Lee's Rapid Decon |       |       |       |       |       |       |       |    26 |     9 ||    35
         Bombard           |       |       |       |       |       |       |       |    71 |   323 ||   394
         Shatter           |       |       |       |       |       |       |       |       |    73 ||    73
 Invoke: Ancestor Life: Kn |       |       |       |     1 |       |       |       |       |       ||     1
         Recall Ancestor   |       |       |       |     1 |     8 |     4 |    12 |     4 |    23 ||    52
         Ancestor Identity |       |       |       |       |       |     1 |       |       |       ||     1
         Idealise          |       |       |       |       |       |       |     1 |       |     3 ||     4
  Evoke: Wand              |       |       |     4 |       |       |     1 |     2 |     4 |     1 ||    12
         Lightning rod     |       |       |       |       |     3 |     8 |     5 |     4 |       ||    20
         Sack of spiders   |       |       |       |       |       |     2 |     1 |     1 |       ||     4
         Condenser vane    |       |       |       |       |       |     1 |     1 |       |       ||     2
         Phial of floods   |       |       |       |       |       |     1 |       |       |       ||     1
         Phantom mirror    |       |       |       |       |       |     1 |       |       |       ||     1
    Use: Scroll            |       |       |    14 |     6 |     6 |     8 |     4 |     6 |     6 ||    50
         Potion            |       |       |       |       |     1 |     1 |     2 |     5 |     4 ||    13
   Stab: Distracted        |       |       |     1 |       |     1 |     1 |     4 |     6 |     6 ||    19
         Petrified         |       |       |       |       |    33 |    45 |    17 |     5 |       ||   100
         Petrifying        |       |       |       |       |     6 |       |       |       |       ||     6
         Sleeping          |       |       |       |       |     2 |       |     4 |     3 |     1 ||    10
 Armour: Robe              |     8 |     9 |    32 |    25 |   130 |   166 |   183 |   138 |       ||   691
         Skin              |       |       |     4 |       |       |       |       |       |       ||     4
         Acid dragon scale |       |       |       |       |       |       |       |    13 |   333 ||   346
  Dodge: Dodged            |     4 |    12 |    67 |    62 |   339 |   388 |   443 |   332 |   664 ||  2311
  Block: Other             |       |       |       |     5 |    81 |    77 |    89 |    51 |   104 ||   407
         Reflection        |       |       |       |       |     5 |    11 |    10 |     5 |     1 ||    32

Table legend: (Time is in decaauts)
 A = Elapsed time spent in this place.
 B = Non-inter-level travel time spent in this place.
 C = Inter-level travel time spent in this place.
 D = Time resting spent in this place.
 E = Time spent auto-exploring this place.
 F = Levels seen in this place.
 G = Mean time per level.
                   A        B        C        D        E       F      G
               +--------+--------+--------+--------+--------+-----+--------+
         Total | 114138 | 104216 |   9922 |  47782 |  23565 |  55 | 2075.2 |
       Dungeon |  23799 |  20639 |   3160 |   7524 |   9975 |  15 | 1586.6 |
        Temple |     36 |      2 |     34 |      0 |      0 |   1 |   36.0 |
          Lair |  12337 |  11214 |   1123 |   5371 |   3437 |   5 | 2467.4 |
        Shoals |   8355 |   7638 |    717 |   3826 |   1499 |   4 | 2088.8 |
   Spider Nest |   9391 |   8930 |    461 |   4380 |   1996 |   4 | 2347.8 |
  Orcish Mines |   2852 |   2272 |    580 |    759 |    677 |   2 | 1426.0 |
   Elven Halls |   6189 |   5815 |    374 |   2268 |    819 |   3 | 2063.0 |
        Vaults |  17456 |  15932 |   1524 |   8144 |   1998 |   5 | 3491.2 |
         Crypt |   5921 |   5545 |    376 |   2341 |   1045 |   3 | 1973.7 |
        Depths |  12554 |  11471 |   1083 |   5661 |   1324 |   4 | 3138.5 |
           Zot |  12087 |  11601 |    486 |   5807 |    531 |   5 | 2417.4 |
         Sewer |    232 |    232 |      0 |    118 |      5 |   1 |  232.0 |
      Ice Cave |    219 |    219 |      0 |    106 |      0 |   1 |  219.0 |
        Wizlab |   2078 |   2078 |      0 |   1280 |    128 |   1 | 2078.0 |
      Gauntlet |    625 |    625 |      0 |    193 |    128 |   1 |  625.0 |
               +--------+--------+--------+--------+--------+-----+--------+

Top non-repeatable levels by time:
Vaults:1: 5179 daAuts
Vaults:4: 4652 daAuts
Vaults:2: 3490 daAuts
Depths:4: 3404 daAuts
   Elf:3: 3298 daAuts
  Lair:2: 3261 daAuts
Depths:3: 3244 daAuts
Spider:4: 3187 daAuts
   Zot:1: 3042 daAuts
Depths:1: 3015 daAuts
Depths:2: 2888 daAuts
Shoals:1: 2844 daAuts
    D:15: 2786 daAuts
    D:14: 2670 daAuts
   Zot:5: 2521 daAuts
